[Event "Cappelle op 36th"]
[Site "Cappelle la Grande"]
[Date "2020.02.27"]
[Round "8"]
[White "Moussard, Jules"]
[Black "Guliyev, Namig"]
[Result "1-0"]
[ECO "B56"]
[WhiteElo "2608"]
[BlackElo "2537"]
[Annotator "Primel,D"]
[PlyCount "97"]
[EventDate "2020.02.22"]
[EventType "swiss"]
[EventRounds "9"]
[EventCountry "FRA"]
[SourceTitle "CBM 195 Extra"]
[Source "ChessBase"]
[SourceDate "2020.05.31"]
[SourceVersion "1"]
[SourceVersionDate "2020.05.31"]
[SourceQuality "1"]
[TimeControl "40/5400+30:1800+30"]

1. e4 {[%emt 0:05:47] Une partie importante dans la course à la première
place} c5 2. Nf3 d6 3. d4 cxd4 4. Nxd4 Nf6 5. Nc3 a6 6. Nb3 {[%emt 0:00:37] Une
ligne secondaire devenue populaire lorsque le Top GMI BARTEL a commencé à la
pratiquer à haut niveau en 2016. Le précurseur historique était Efim GELLER
mais avec un seul essai dans les années 60 avec une partie jouée à
l'interzonal mais comme la partie avait transposé dans la variante 6.Be2 de
la Najdorf après 6.Nb3 e5 7.Be2, elle n'a pas attiré l'attention. Il est
même possible qu'il s'agisse d'une erreur de saisie et il faudrait consulter
le bulletin de l'interzonal.} Nc6 {[%emt 0:05:38] L'azéri n'avait peut-être
pas prêté attention au changement de répertoire de son adversaire qui avait
déjà joué cette variante à la ronde 4 et il commence à réfléchir.} (6...
e6 {Moussard,J (2608)-Maerevoet,S (2412) Cappelle op 36th 2020 (4.4) 1-0}) (
6... Nbd7 7. g4 $1 {[%csl Rf6][%cal Gg4g5] Le plus logique car le Nf6 n'a pas
la case de repli d7} h6 8. a4 g5 (8... Qc7 9. Bg2 Ne5 10. h3 g5 11. f4 $1 {
Bartel,M (2623)-Ragger,M (2695) Bundesliga 1516 2015 (12.7) 1-0}) (8... b6 9.
Bg2 Ne5 (9... Bb7 10. f4 (10. h4 g6 11. Qe2 Rc8 12. Rh3 $5
Bg7 13. h5 g5 14. Nd4 Ne5 (14... e6 $143 15. Nd5 $5 {[%csl Re8]
[%cal Ge2e8] Thématique et logique avec le vis-à-vis Q et K} O-O 16. Nxf6+
Nxf6 17. f4 gxf4 18. g5 (18. Bxf4 e5) 18... hxg5 19. h6 Bh8 20. h7+ $1 Kg7 (
20... Nxh7 $2 21. Qh5) 21. Bxf4 $1 gxf4 22. Qf2 $1 $40 ) 15. Nf5 Bf8 16. f4 $13 {Aryan,C (2553)-Gopal,G (2594) Biel MTO
op 52nd 2019 (9) 1/2}) 10... e5 $5 {Peut-être la ligne la plus simple pour
égaliser même si les Noirs doivent jouer avec précision.} (10... g6) 11. O-O
g6 12. Qf3 Bg7 13. h4 O-O $1 {N'ayant pas peur des fantomes} 14.
f5 Nh7 $5 15. g5 hxg5 16. hxg5 Nxg5 17. Qg4 $13 {
Alekseenko,K (2638)-Kokarev,D (2598) RUS Cup final 2018 (3.1) 1/2}) 10. h3 g5
11. f4 $14 {Alekseenko,K (2554)-Lu,S (2615) Chigorin Memorial 24th 2016 (9) 1-0
}) 9. h4 Rg8 $13 {Supi,L (2530)-Delgado Ramirez,N (2622) Rio Branco Acre GM
2017 (3) 1/2}) (6... e5 7. Be2 (7. Bg5 $5 {Comme les Blancs n'ont pas joué
Be2, ils peuvent essayer de lutter pour le contrôle de la case "d5" en
gardant l'option Bc4 comme l'avait montré une vieille partie du tournoi de
Caissa que j'avais saisie.} Be7 8. Bxf6 (8. Qd2 Be6 9. O-O-O $32) (8. Bc4 b5 $6
(8... O-O 9. O-O (9. Bxf6 Bxf6 10. a4 Nc6 11. O-O Be6 12. Nd5 $14 {[%csl Gd5];
Djurhuus,R (2455)-Ziska,H (2474) Oslo Sveins op 6th 2013 (9) 1-0}) 9... b5) 9.
Bxf6 Bxf6 10. Bxf7+ $1 Kf8 11. Bd5 {Bereczki,I (2205)-Szulics,I Nyiregyhaza op
1998 (1) 1-0}) 8... Bxf6 9. Nd5 $14 {[%csl Gd5,Rf6];Rosenberg,S-Scherbakoff,G
Paris Caissa Autumn  1955 (1) 0-1}) 7... Be7 {Geller,E-Stein,L Interzonal-05
1962 (3) 1-0}) 7. Be3 e6 (7... Ng4 8. Bd2 Nf6
9. Be3 Ng4 {Avec une nulle par répétition de position}) 8. g4 $1 {[%emt 0:02:
16] le plan des Noirs avec e6d6 et Nf6 rend tentant de jouer dans l'esprit
d'une attaque Keres} (8. a4) 8... b5 (8... h5 9. gxh5 b5 10.
Bg2 Ne5 11. a4 b4 12. Ne2 Bb7 13. Ng3 Rc8 14. O-O d5 15. Bd4 Nc4 16. exd5 Nxd5
17. Qg4 Qc7 18. Rfe1 Nf6 19. Bxf6 gxf6 20. Bxb7 Qxb7 21. Rad1 Ne5 22. Rxe5 fxe5
23. Ne4 Be7 24. h6 Rc4 25. Qg7 Qxe4 26. Qxh8+ Bf8 27. Rd8+ Kxd8 28. Qxf8+ Kc7
29. Qxf7+ Kb8 30. Qf8+ Ka7 31. Qe7+ Kb8 32. Qd6+ Ka7 33. Qd7+ Kb8 34. Qd8+ Ka7
35. Qe7+ Kb8 36. Qd6+ Ka7 37. Qd7+ Kb8 38. Qd6+ {Alekseenko,K (2704)-Korobov,A
(2668) Moscow 2019 1/2-1/2}) (8... h6 9. h4 Qc7 10. Bg2 Ne5 11. g5 hxg5 12.
hxg5 Rxh1+ 13. Bxh1 Nfd7 14. Nd2 $13 {[%csl Gc4];Bellahcene,B (2541)-Oussedik,
M (2440) Africa-ch Hammamet 2019 (6) 1-0}) 9. Bg2 (9. g5 Nd7
10. Bg2 $14) 9... Bb7 10. a3 $6 $146 {[%emt 0:15:00][%csl Rc4]
Fin de la préparation des Blancs mais ce coup a le défaut d'affaiblir la
case "c4"} (10. g5 Nd7 11. f4 Nb6 12. Qe2 Nc4 13. O-O-O Nxe3 14. Qxe3 Na5 15.
f5 Nc4 16. Qg3 b4 17. Na4 e5 18. Nac5 Bc6 19. Bf1 Nb6 20. Nxa6 Be7 21. f6 gxf6
22. Nxb4 Bxe4 23. Bg2 Bg6 24. Bxa8 Qxa8 25. Qf2 Nd7 26. Nd5 Qxa2 27. gxf6 Bf8
28. Qd2 h5 29. Nc3 Qa6 30. Qf2 Bh6+ 31. Kb1 O-O 32. Qe2 Qxe2 33. Nxe2 Nxf6 34.
Rxd6 Ng4 35. Nc3 Ne3 36. Rg1 Kh7 37. Rgxg6 fxg6 38. Nd2 Bf4 39. h3 g5 {Bartel,
M (2625)-Gelfand,B (2735) Moscow 2016 1/2-1/2 (77)}) 10... Ne5 $1 {[%emt 0:03:
52][%csl Gc4][%cal Ge5c4,Gc4e3,Gc4b2] Evacue la case d7 pour le Nf6 tout en
faisant pression sur l'aile-dame} 11. g5 Nfd7 12. Qd4 {[%emt 0:02:23][%cal Ge1c1] Donne la possibilité du ooo mais la Qd4
est un peu exposée au centre} Nc4 13. O-O-O $5 {[%emt 0:00:
46] Risqué après la poussée a3} Rc8 $1 {[%emt 0:02:21] Le K Noir est en
sécurité au centre et les Noirs ont du contre-jeu à l'aile-dame} 14. f4 Qc7 $132 15. Bd2 (15. h4 $2 Nxa3) 15... Ndb6 $1 $15 {[%emt 0:
04:58] L'attaque Noire est plus rapide} 16. Na1 {[%emt 0:11:47][%cal Ga1c2] Le
signe que l'ouverture des Blancs n'est pas une réussite} e5 (
16... d5 $5 {[%csl Gf8] Avec un K au centre, la poussée d5 peut faire peur
mais elle libère le Bf8} 17. exd5 Nxd2 18. Rxd2 Nc4 19. Re2 Bc5 $1 20. Qxg7
Qxf4+ $1 21. Kb1 Bd4 22. Qg6 Nxa3+ $40) (16... Nxd2 $1 {Principe de la pièce
superflue avec les Nb6 et c4 qui visent les mêmes cases. Il y a donc une
pièce en "trop"} 17. Rxd2 Nc4 $17 18. Rd3 (18. Rdd1 Nxa3 ) 18...
e5 19. Qf2 d5 {La poussée thématique dans la sicilienne qui semble très
forte malgré le K Noir au centre} 20. Nxd5 (20. fxe5 Nxe5) (20. exd5 Bc5 $44 21. Qe2 O-O {[%csl Ra1] Et avec la paire de B et des pièces plus
actives, les Noirs gardent l'avantage}) 20... Bxd5 21. Rxd5 exf4) 17. Qf2 Be7 18. h4 Nxb2 $6 19. Kxb2 Nc4+ 20. Kb3 $1 {[%emt 0:00:
04] Joué à tempo et il n'est pas certain que les compensations Noires soient
suffisantes} d5 21. Nxd5 $1 {[%emt 0:03:13][%cal Gd5c7] Force
des échanges et sans paire de B, les compensations Noires s'amoindrissent}
Bxd5 22. exd5 Nxa3 23. Rh3
$6 {[%emt 0:03:05][%cal Gh3c3] Un coup humain mais inutile car le Bd2
défendait déjà la case "c3"} (23. Qe2 $8 Nxc2 24. Qd3 Nd4+ 25.
Kb2 {Et l'attaque Noire s'essoufle}) 23... Qc4+ $1 24. Kb2 Bc5 $1 25. Qf3 Bd4+ $6 (25... O-O $5 {L'apport d'une R
supplémentaire peut-être utile à l'attaque} 26. c3 Qa4 $40 )
26. c3 (26. Kxa3 Qa4#) 26... Qb4+ 27. Ka2 Qa4 28. cxd4 $1 Nc2+ 29. Kb2 Nxa1 30. Bc3 (30. Rxa1 Qc2+ 31. Ka3 Qa4+ 32. Kb2 Qc2+ {Forçant la
nulle}) 30... b4 31. Rxa1 bxc3+ 32. Qxc3 $1 Qb5+ 33. Qb3 Qe2+ 34. Ka3 Qxg2 35. Qa4+
$1 {[%emt 0:00:56] Illustrant le problème d'avoir raté l'occasion de roquer
au 25ème coup} Kf8 36. Qb4+ $16 Kg8 37. Re3 h6 38. d6 Kh7 39. dxe5 g6 40.
Rb1 hxg5 41. Qb7 $1 Qxb7 42. Rxb7 Kg8 43. hxg5 Rh4 44. f5 $1 gxf5 45. g6 f4 46. gxf7+ Kg7 47. d7 Rf8 48. e6 fxe3 49. e7 1-0